 Dungeon Crawl Stone Soup version 0.19-a0-1068-g99dd0f4 (webtiles) character file.

2311 Leszczynek the Insei (level 9, -3/71 HPs)
             Began as a Mummy Monk on Aug 4, 2016.
             Slain by a wasp (5 damage)
             ... on level 7 of the Dungeon.
             The game lasted 00:49:48 (9506 turns).

Leszczynek the Insei (Mummy Monk)                   Turns: 9506, Time: 00:49:49

Health: -3/71      AC:  6    Str: 14    XL:     9   Next: 18%
Magic:  9/9        EV: 18    Int: 10    God:
Gold:   351        SH:  5    Dex: 17    Spells: 0 memorised, 8 levels left

rFire  . . .     SeeInvis .       - Unarmed
rCold  + . .     Gourm    .     (no armour)
rNeg   + + +     Faith    +     j - +0 buckler
rPois  ∞         Spirit   .     n - +2 helmet
rElec  .         Dismiss  .     a - +2 cloak
rCorr  .         Reflect  .     (no gloves)
SustAt .         Harm     .     (no boots)
MR     +....                    d - amulet of faith
Stlth  +.........               s - ring of protection from fire
                                c - +4 ring of evasion

@: silence (expiring)
A: no food or potions, fire vulnerability, cold resistance 1, negative energy
resistance 3, torment resistance, unbreathing
a: no special abilities


You were on level 7 of the Dungeon.
You were not hungry.

You visited 1 branch of the dungeon, and saw 7 of its levels.
You also visited: Ossuary.

You collected 351 gold pieces.

Inventory:

Armour
 a - a +2 cloak (worn)
 j - a +0 buckler (worn)
 n - a +2 helmet (worn)
Jewellery
 c - a +4 ring of evasion (left hand)
 d - an amulet of faith (around neck)
 p - an uncursed ring of ice
 q - an uncursed ring of magical power
 s - a ring of protection from fire (right hand)
Scrolls
 e - 3 scrolls of fog
 g - 2 scrolls of blinking
 h - a scroll of enchant armour
 i - 2 scrolls of fear
 k - 2 scrolls of remove curse
 l - 2 scrolls of recharging
 m - 2 scrolls of noise {!r}
 o - a scroll of teleportation {unknown}
 r - 2 scrolls of immolation
Comestibles
 f - 6 fruits (quivered)


   Skills:
 + Level 6.4 Fighting
 + Level 3.5 Dodging
 - Level 2.0 Stealth
 - Level 4.0 Shields
 * Level 7.9 Unarmed Combat


You had 8 spell levels left.
You didn't know any spells.

Dungeon Overview and Level Annotations

Branches:
Dungeon (7/15)             Temple (0/1) D:7

Altars:
Dithmenos
Fedhas
Pakellas
Trog

Shops:
D:7 :

Annotations:
D:4 unexplored, 2 orc wizards
D:5 5 runed doors (poison vault, ants, moccasins, bees), exclusion: ogre
D:6 ogre (gc), orc warrior (halberd), o wiz
D:7 orc warrior (short sword)


Innate Abilities, Weirdness & Mutations

You do not eat or drink.
Your flesh is vulnerable to fire.
You are immune to poison.
Your flesh is cold resistant. (rC+)
You are immune to negative energy. (rN+++)
You are immune to unholy pain and torment.
You can survive without breathing.


Message History

Okay, then.
Press: ? - help, v - describe, . - travel
Here: a wasp (silenced)
The floor.
You block the wasp's attack. The wasp closely misses you.
A sky beast appears from thin air!
Reactivating autopickup.
You block the wasp's attack.
The sky beast flickers out of sight!
Deactivating autopickup; reactivate with Ctrl-A.
The wasp misses you. The wasp closely misses you. The wasp closely misses you.
The wasp misses you. The wasp completely misses you. The wasp stings you.
* * * LOW HITPOINT WARNING * * *
Unknown command.
You hit the wasp but do no damage. The wasp stings you.
You die...

#......(>###.###
.
#..............#
..
#...)..........#
..
#######.##......#
..
#........#......#
..
#........#......#
..
#........#......#
..
#?.......####.###
.# #.(.(.(.(# #@#
# #######(#####y#
# #.......# #
########..######
# #$.$'..#..# #
#)}!#..#..# # #)W
#..#..#
#####..#..#
#†.....#..#


You could see a wasp.

Vanquished Creatures
  A water moccasin (D:6)
  2 sky beasts (D:7)
  2 ice beasts (D:5)
  2 centaurs
  4 giant frogs (D:6)
  2 scorpions
  4 wights (D:5)
  A howler monkey (D:5)
  A centaur zombie (Ossuary)
  3 crimson imps
  A giant frog zombie (D:7)
  2 hounds
  A human zombie (Ossuary)
  5 jellies
  A giant frog skeleton (D:7)
  7 orc wizards
  2 iguanas
  4 worker ants
  5 mummies (Ossuary)
  A worker ant zombie (D:7)
  5 gnolls
  8 adders
  An ooze (D:3)
  An adder zombie (D:3)
  2 adder skeletons
  5 worms
  4 dart slugs
  5 giant geckos
  17 orcs
  7 giant cockroaches
  A gnoll zombie (Ossuary)
  7 goblins
  7 hobgoblins
  7 jackals
  5 quokkas
  2 ball pythons
  5 bats
  A giant gecko zombie (D:5)
  4 giant newts
  3 goblin zombies (Ossuary)
  A jackal skeleton (D:4)
  6 kobolds
  2 orc zombies (Ossuary)
  2 quokka skeletons
  12 rats
171 creatures vanquished.

Notes
Turn   | Place    | Note
-------+----------+-------------------------------------------
     0 | D:1      | Leszczynek the Mummy Monk began the quest for the Orb.
     0 | D:1      | Reached XP level 1. HP: 18/18 MP: 1/1
   106 | D:1      | +2 helmet right from the start, i have a good feeling about this!
   214 | D:1      | Reached XP level 2. HP: 24/24 MP: 2/2
   240 | D:1      | +4 EV now
   240 | D:1      | i've got it by the ass
   262 | D:1      | fug
   496 | D:1      | Reached skill level 3 in Unarmed Combat
  1569 | D:2      | ah fuck, gnolls woke up
  1648 | D:3      | Reached XP level 3. HP: 23/29 MP: 3/3
  1823 | D:3      | Reached skill level 2 in Stealth
  2005 | D:3      | fugggggggg
  2005 | D:3      | do you really need to manually explore this shit?
  2005 | D:3      | i guess you do
  2013 | D:3      | this is such a bad idea
  2017 | D:3      | yep
  2017 | D:3      | bad idea
  2018 | D:3      | Reached XP level 4. HP: 35/35 MP: 4/4
  2019 | D:3      | oh wow
  2177 | D:3      | do i need to be afraid of an adder with 5/15/0 defences?
  2177 | D:3      | hmmm
  2324 | D:3      | Reached skill level 4 in Unarmed Combat
  2504 | D:3      | worms come later
  2711 | D:3      | ok, adders aren't that big of a deal
  2838 | D:3      | what about a worm?
  2846 | D:3      | dangerous
  2971 | D:4      | d:4, xl 4 ;_;
  2971 | D:4      | oh right, -1 xp apt
  2971 | D:4      | jesus do mummies suck
  3128 | D:4      | Found a bloodstained altar of Trog.
  3136 | D:4      | i want to get at least xl 5 before fighting ants and scorpions
  3238 | D:4      | 5/17/0
  3408 | D:4      | Reached XP level 5. HP: 41/41 MP: 5/5
  3439 | D:4      | shit
  3444 | D:5      | Entered Level 5 of the Dungeon
  3445 | D:5      | fug, sewer
  3490 | D:5      | Noticed a soldier ant
  3490 | D:5      | Noticed a soldier ant
  3490 | D:5      | Noticed a soldier ant
  3491 | D:5      | Found a runed gate.
  3491 | D:5      | Noticed a soldier ant
  3496 | D:5      | Found a runed door.
  3500 | D:5      | oh god i hope this is really closed off
  3513 | D:5      | Noticed a centaur
  3514 | D:5      | d:5 centaur
  3514 | D:5      | lulu
  3514 | D:5      | lul
  3514 | D:5      | Noticed a water moccasin
  3514 | D:5      | Noticed a water moccasin
  3516 | D:5      | Noticed a water moccasin
  3516 | D:5      | Noticed a water moccasin
  3516 | D:5      | Noticed a water moccasin
  3528 | D:5      | fuck he hurts
  3534 | D:5      | Killed a centaur
  3534 | D:5      | Reached skill level 5 in Unarmed Combat
  3535 | D:5      | jesus
  3907 | D:5      | Noticed an ice beast
  4037 | D:5      | Noticed an ogre
  4048 | D:5      | that's it, sewers are gone :/
  4067 | D:5      | Found a runed gate.
  4098 | D:5      | Found a runed door.
  4125 | D:5      | Reached XP level 6. HP: 46/47 MP: 6/6
  4143 | D:5      | and there
  5082 | D:3      | Reached skill level 6 in Unarmed Combat
  5334 | D:4      | Reached skill level 4 in Fighting
  5364 | D:4      | Reached XP level 7. HP: 39/55 MP: 7/7
  5513 | D:4      | Found an oddly glowing altar of Pakellas.
  5514 | D:4      | Found a blossoming altar of Fedhas.
  5610 | D:5      | well i do have rC, but is it a good idea
  5610 | D:5      | let's find out
  5616 | D:5      | Reached skill level 5 in Fighting
  5617 | D:5      | not bad
  5619 | D:5      | oh, here's the sewer :/
  5871 | D:5      | i shouldn't fight the jelly but i think there was a shop there
  5887 | D:5      | Found a shadowy altar of Dithmenos.
  5888 | D:5      | no, it's just this :/
  6020 | D:5      | Reached skill level 6 in Fighting
  6096 | D:5      | morningstar wight
  6096 | D:5      | hmmmmmmmmmm
  6111 | D:5      | neat
  6242 | D:5      | Found a runed gate.
  6467 | D:5      | i wonder if that woke up the ogre
  6600 | D:6      | Reached skill level 1 in Shields
  6600 | D:6      | Reached XP level 8. HP: 64/64 MP: 8/8
  6851 | D:5      | Reached skill level 2 in Shields
  7245 | D:6      | Reached skill level 3 in Shields
  7717 | D:6      | Reached skill level 7 in Unarmed Combat
  7722 | D:6      | fsdfsdfsdf
  7998 | D:7      | Reached skill level 4 in Shields
  8055 | D:7      | Found a staircase to the Ecumenical Temple.
  8323 | D:7      | Reached skill level 3 in Dodging
  8473 | D:7      | Found a sand-covered staircase.
  8482 | Ossuary  | Entered an ossuary
  8541 | Ossuary  | i don't remember this layout
  8541 | Ossuary  | that's probably not good
  8848 | D:7      | i'm in trouble now
  8852 | D:7      | Reached XP level 9. HP: 56/69 MP: 9/9
  8942 | D:7      | Found Pameten's Book Emporium.
  9386 | D:7      | rF+ ring!
  9386 | D:7      | wow am i lucky
  9489 | D:7      | HP: 3/71 [something (5)]
  9505 | D:7      | HP: 2/71 [wasp (4)]
  9506 | D:7      | Slain by a wasp

Vault maps used:
D:1:      eino_arrival_water_star, minmay_close_crescents
D:2:      kennysheep_generic_room_5
D:4:      overflow_temple_1_default, minitemple, first_bread
D:5:      kennysheep_mini, portal_sewer_entry_f, nrook_pool_corridor,
          mrwooster_statue_mirror, hangedman_decor_points,
          minmay_guarded_unrand_staff_of_olgreb
D:7:      kennysheep_windowed_halls, enter_ossuary_2, serial_shops, shop
Ossuary:  ossuary_crypta

Skill      XL: |  1  2  3  4  5  6  7  8 |
---------------+-------------------------+-----
Unarmed Combat | 3 4 5 6 7 |  7.9
Stealth        | 2 |  2.0
Fighting       | 4 6 |  6.4
Shields        | 1 4 |  4.0
Dodging        | 3 |  3.5

Action                   |  1- 3 |  4- 6 |  7- 9 || total
-------------------------+-------+-------+-------++-------
Melee: Unarmed           |   155 |   324 |   495 ||   974
       Punch             |       |    10 |     1 ||    11
  Use: Scroll            |     2 |     5 |     7 ||    14
 Stab: Sleeping          |     5 |     5 |    12 ||    22
       Distracted        |       |     1 |     1 ||     2
Armor: Skin              |    20 |    34 |    54 ||   108
Dodge: Dodged            |    70 |   208 |   230 ||   508
Block: Buckler           |       |       |    61 ||    61
